 Dungeon Sprint DCSS version 0.18-a0-1303-g41c131c (webtiles) character file.

76 Kidiri the Sneak (level 4, -10/23 HPs)
             Began as a Spriggan Enchanter on Feb 12, 2016.
             Mangled by a water elemental (21 damage)
             ... in the Dungeon (Sprint III: "The Ten Rune Challenge").
             The game lasted 00:05:23 (288 turns).

Kidiri the Sneak (Spriggan Enchanter)                Turns: 288, Time: 00:05:24

Health: -10/23     AC:  5    Str:  4    XL:     4   Next: 12%
Magic:  1/11       EV: 20    Int: 17    God:
Gold:   22         SH:  0    Dex: 16    Spells: 5 memorised, 0 levels left

rFire  . . .     SeeInvis +     a - +1 dagger
rCold  . . .     Gourm    .     k - +2 robe {Archmagi}
rNeg   . . .     Faith    .     (shield restricted)
rPois  .         Spirit   .     (helmet restricted)
rElec  .         Dismiss  .     b - +0 cloak
rCorr  .         Reflect  .     (gloves unavailable)
SustAt .         Harm     .     (boots unavailable)
MR     .....     NoTele   +     (no amulet)
Stlth  ++........               (no ring)
                                (no ring)

@: very slightly contaminated, glowing, very quick, not resistant to hostile
enchantments, unstealthy
A: unfitting armour, see invisible, herbivore 3, speed 3, mutation resistance 1,
slow metabolism 2, wild magic 2, no device heal 1
a: no special abilities


You were in the Dungeon.
You were not hungry.

You visited 1 branch You collected 22 gold pieces.

Inventory:

Hand Weapons
 a - a +1 dagger (weapon)
Armour
 b - a +0 cloak (worn)
 k - a +2 robe of the Archmagi (worn)
Scrolls
 j - a scroll of blinking
 m - a scroll of immolation
 o - 4 scrolls of remove curse
Potions
 e - a potion of curing
 f - a potion of heal wounds
 g - 2 potions of haste
 h - 2 potions of magic
 i - a potion of berserk rage
 q - a potion of might
 r - 2 potions of cure mutation {unknown}
 t - a potion of flight
Books
 c - a book of Maledictions

   Spells                             Type                      Level
   a - Corona                         Hexes                        1
   b - Ensorcelled Hibernation        Hexes/Ice                    2
   c - Confuse                        Hexes                        3
   d - Tukima's Dance                 Hexes                        3
   e - Dazzling Spray                 Conjuration/Hexes            3
Comestibles
 d - a bread ration
 p - 3 royal jellies
 s - a fruit


   Skills:
 + Level 1.7 Fighting
 * Level 3.6 Short Blades
 + Level 1.5 Armour
 * Level 5.5 Dodging
 * Level 6.8 Stealth
 * Level 4.7 Spellcasting
 + Level 0.3 Conjurations
 + Level 4.4 Hexes
 + Level 1.0 Ice Magic


You couldn't memorise any spells.
You knew the following spells:

 Your Spells              Type           Power        Failure   Level  Hunger
a - Corona                Hex            ######.      14%         1    None
b - Ensorcelled Hibernat  Hex/Ice        #####.       32%         2    #......
c - Confuse               Hex            ######..     32%         3    ###....
d - Tukima's Dance        Hex            ######..     32%         3    ###....
e - Dazzling Spray        Conj/Hex       #####...     45%         3    ###....


Dungeon Overview and Level Annotations

Branches:
Dungeon (1/1)

Altars:


Innate Abilities, Weirdness & Mutations

You are tiny and cannot use many weapons and most armour.
You have supernaturally acute eyesight.
You are a herbivore.
You cover ground extremely quickly.
You need consume almost no food.
You are somewhat resistant to further mutation.
Your spells are harder to cast, but more powerful.
Potions and wands are less effective at restoring your health.


Message History

Casting: Dazzling Spray
Confirm with . or Enter, or press ? or * to list all spells.
Aiming: Dazzling Spray
Press: ? - help, Shift-Dir - straight line, f/p - water elemental
Aim: a water elemental (almost destroyed)
You feel a surge of power!
You miscast Dazzling Spray.
You are very lightly contaminated with residual magic.
You are outlined in light.
Unknown command.
Drink which item? (? for menu, Esc to quit)
Okay, then.
Unknown command.
Unknown command.
There is an open door here.
There is an open door here.
You closely miss the water elemental.
The water elemental is almost destroyed.
The water elemental hits you!!
Ouch! That really hurt!
You die...

▓▓▓▓▓▓▓▓▓▓▓▓▓ ▓▓▓
▓<.#..+.....♣♣ ♣.#
▓..#..#....♣.♣ ♣♣.#
▓#'####....♣♣♣ ♣..#
▓.....#.)..≈.♣♣♣..###+
▓.....#...≈≈♣.♣♣♣.#...
▓....%#..≈≈≈≈.♣.♣.'.⌠.
▓####@#..≈≈≈≈≈≈♣♣.#...
▓[..E.#.≈≈≈≈≈≈....#.⌠.
▓.)...#.≈≈≈≈≈.....#...
▓.....#.≈≈≈.......#+##
▓'#####...........#
▓..E.......%......#
▓▓▓▓▓▓▓▓▓▓▓▓▓▓▓▓▓▓▓


You could see a water elemental.

Vanquished Creatures
  Crazy Yiuf (D)
  Jessica (D)
  A human (D)
  2 rats (D)
5 creatures vanquished.

Vanquished Creatures (others)
  2 draconian scorchers (D)
  4 plants (D)
6 creatures vanquished.

Grand Total: 11 creatures vanquished

Notes
Turn   | Place    | Note
--------------------------------------------------------------
     0 | D        | Kidiri the Spriggan Enchanter began the quest for the Orb.
     0 | D        | Reached XP level 1. HP: 9/9 MP: 5/5
    11 | D        | Noticed Jessica
    14 | D        | Killed Jessica
    14 | D        | Reached skill level 1 in Fighting
    14 | D        | Reached skill level 1 in Armour
    14 | D        | Reached skill level 6 in Stealth
    14 | D        | Reached XP level 2. HP: 12/14 MP: 5/7
    18 | D        | Learned a level 2 spell: Ensorcelled Hibernation
    85 | D        | Reached XP level 3. HP: 15/18 MP: 2/9
    92 | D        | Learned a level 3 spell: Confuse
    96 | D        | Learned a level 3 spell: Dazzling Spray
   150 | D        | Noticed Crazy Yiuf
   156 | D        | Killed Crazy Yiuf
   156 | D        | Reached skill level 5 in Dodging
   156 | D        | Reached skill level 1 in Ice Magic
   156 | D        | Reached XP level 4. HP: 23/23 MP: 7/11
   168 | D        | Learned a level 3 spell: Tukima's Dance
   183 | D        | Gained mutation: Your spells are a little harder to cast, but a little more powerful. [potion of mutation]
   183 | D        | Gained mutation: Your spells are harder to cast, but more powerful. [potion of mutation]
   184 | D        | Gained mutation: Potions and wands are less effective at restoring your health. [potion of mutation]
   184 | D        | Gained mutation: You are somewhat resistant to further mutation. [potion of mutation]
   207 | D        | Killed a white draconian scorcher
   220 | D        | Killed a white draconian scorcher
   256 | D        | Noticed a water elemental
   288 | D        | Mangled by a water elemental

Vault maps used:
D:        dungeon_sprint_mu

Action                   |  1- 3 |  4- 6 || total
-------------------------+-------+-------++-------
Melee: Dagger            |     6 |     1 ||     7
 Cast: Ensorcelled Hiber |     3 |       ||     3
       Corona            |     1 |       ||     1
       Dazzling Spray    |       |     3 ||     3
  Use: Scroll            |       |     3 ||     3
       Potion            |       |     2 ||     2
 Stab: Sleeping          |     4 |       ||     4
